 Dungeon Crawl Stone Soup version 0.31-a0-859-g9dce7d3444 (webtiles) character file.

Game seed: 2597154014036964579

88368 ipx the Severer (level 15, -20/78 HPs)
             Began as a Vine Stalker Fighter on Oct 10, 2023.
             Was the Champion of Makhleb.
             Demolished by a ghost moth (22 damage)
             ... on level 4 of the Spider Nest.
             The game lasted 01:55:48 (7533 turns).

ipx the Severer (Vine Stalker Fighter)              Turns: 7533, Time: 01:55:49

Health: -20/78     AC: 17    Str: 30 (31) XL:     15   Next: 93%
Magic:  0/22       EV: 12    Int:  6 (8)  God:    Makhleb [******]
Gold:   265        SH:  9    Dex: 15      Spells: 14/14 levels left

rFire   . . .        m - +5 broad axe (chaos)
rCold   . . .        F - +3 warlock's mirror {omnireflect}
rNeg    + + +        l - +4 chain mail {rF+}
rPois   +            r - +0 helmet {SInv}
rElec   .            t - +1 cloak
rCorr   .            E - +0 pair of gloves
SInv    +            D - +0 pair of boots "Viofu" {Fly rPois rF- rN+++}
Will    +....        M - amulet of magic regeneration Stlth
                     S - +6 ring of strength
HPRegen 1.13/turn    o - +4 ring of protection
MPRegen 0.58/turn

%: reflection, guardian spirit
@: corroded, flying
A: fangs 3, regeneration 1, magic shield, antimagic bite, no potion heal 2
a: Renounce Religion, Minor Destruction, Lesser Servant of Makhleb, Major
Destruction, Greater Servant of Makhleb


You were on level 4 of the Spider Nest.
You worshipped Makhleb.
Makhleb was exalted by your worship.
You visited 4 branches of the dungeon, and saw 23 of its levels.
You visited the Abyss 1 time.
You also visited: Gauntlet.

You collected 1586 gold pieces.
You spent 1321 gold pieces at shops.

Inventory:

Hand Weapons
 m - a +5 broad axe of chaos (weapon)
Missiles
 a - 6 curare-tipped darts
 i - 19 poisoned darts (quivered)
 z - 17 boomerangs
Armour
 d - a +0 tower shield
 l - a +4 chain mail of fire resistance (worn)
 r - a +0 helmet of see invisible (worn)
 t - a +1 cloak (worn)
 u - a +0 pair of boots
 C - the +7 plate armour of the Rose {rPois rF- Int+6 Stlth+}
   (You bought it in a shop on level 10 of the Dungeon)

   Int+6:     It affects your intelligence (+6).
   rF-:       It makes you vulnerable to fire.
   rPois:     It protects you from poison Stlth+: It makes you more stealthy.
 D - the +0 pair of boots "Viofu" (worn) {Fly rPois rF- rN+++}
   (You found it on level 5 of the Lair of Beasts)

   rF-:       It makes you vulnerable to fire.
   rPois:     It protects you from poison rN+++: It renders you almost immune to
   negative energy.
   Fly:       It grants you flight.
 E - a +0 pair of gloves (worn)
 F - the +3 warlock's mirror (worn) {omnireflect}
   (You found it on level 10 of the Dungeon)

   Omnireflect: It can block and reflect piercing ranged attacks and magical
   attacks against the wielder's willpower.
 L - a +2 chain mail of poison resistance
 U - a scarf of repulsion
 W - the +1 pair of gloves "Nuitre" {rF++ Will- Dex+2}
   (You found it on level 3 of the Spider Nest)

   Dex+2:     It affects your dexterity (+2).
   rF++:      It greatly protects you from fire.
   Will-:     It decreases your willpower.
Jewellery
 c - a ring of protection from cold
 k - the ring of Konu {Fly rF- rC+ Str+5 Slay-2}
   (You found it on level 2 of the Dungeon)

   [ring of protection from cold]

   Str+5:     It affects your strength (+5).
   Slay-2:    It affects your accuracy & damage with ranged weapons and melee
   (-2).
   rF-:       It makes you vulnerable to fire.
   rC+:       It protects you from cold.
   Fly:       It grants you flight.
 o - a +4 ring of protection (right hand)
 M - an amulet of magic regeneration (around neck)
 S - a +6 ring of strength (left hand)
Wands
 g - a wand of acid (7)
 j - a wand of iceblast (9)
 p - a wand of polymorph (23)
 A - a wand of charming (15)
 B - a wand of flame (29)
 J - a wand of mindburst (1)
 Y - a wand of digging (2)
Scrolls
 e - 3 scrolls of amnesia
 f - 6 scrolls of teleportation
 h - 2 scrolls of poison
 n - 4 scrolls of vulnerability
 y - 5 scrolls of butterflies
 Q - 2 scrolls of silence
 V - a scroll of fog
Potions
 b - 4 potions of attraction
 q - 5 potions of curing
 v - a potion of magic
 w - a potion of invisibility {unknown}
 x - 4 potions of lignification
 G - 4 potions of enlightenment
 H - a potion of haste {unknown}
 I - 2 potions of ambrosia {unknown}
 O - 2 potions of mutation
 T - a potion of cancellation
Miscellaneous
 K - a phantom mirror
 N - a phial of floods
 R - a lightning rod (3/4)


   Skills:
 + Level 8.8 Fighting
 - Level 18.0 Axes
 + Level 7.5 Armour
 + Level 6.9 Dodging
 - Level 6.1 Shields
 - Level 8.0 Invocations
 - Level 12.2 Evocations


You had 14 spell levels left.
You didn't know any spells.
Your spell library contained the following spells:

 Spells                   Type           Power      Damage    Failure   Level
 Freeze                   Ice            0%         1d3       90%         1
 Magic Dart               Conj           0%         1d3       90%         1
 Necrotise                Necr           0%         1d4       90%         1
 Sandblast                Erth           0%         2d4       90%         1
 Call Imp                 Summ           0%         N/A       97%         2
 Ensorcelled Hibernation  Hex/Ice        0%         N/A       97%         2
 Passwall                 Tmut/Erth      0%         N/A       97%         2
 Dazzling Flash           Conj/Hex       0%         N/A       99%         3
 Frozen Ramparts          Ice            0%         1d1       99%         3
 Hailstorm                Conj/Ice       0%         3d3       99%         3
 Mephitic Cloud           Conj/Pois/Air  0%         N/A       99%         3
 Stone Arrow              Conj/Erth      0%         3d7       99%         3
 Swiftness                Air            0%         N/A       99%         3
 Vampiric Draining        Necr           0%         2d6       99%         3
 Volatile Blastmotes      Fire/Tloc      0%         2d10      99%         3
 Brom's Barrelling Bould  Conj/Erth      0%         2d3       100%        4
 Vhi's Electric Charge    Tloc/Air       0%         N/A       100%        4
 Agony                    Necr           0%         N/A       100%        5
 Arcjolt                  Conj/Air       0%         1d10      100%        5
 Conjure Ball Lightning   Conj/Air       0%         3x3d6     100%        6
 Starburst                Conj/Fire      0%         6d3       100%        6
 Discord                  Hex            0%         N/A       100%        8
 Disjunction              Tloc           0%         N/A       100%        8
 Maxwell's Capacitive Co  Air            0%         ∞         100%        8


Dungeon Overview and Level Annotations

Branches:
Dungeon (12/15)              Lair (5/5) D:8          Shoals (0/4) Lair:3
 Spider (4/4) Lair:2        Slime (0/5) Lair:4          Orc (2/2) D:10
    Elf (0/3) Orc:2       Gauntlet (visited)
 Temple: D:4-7

Altars:
Elyvilon
Makhleb
Sif Muna
Jiyva

Shops:
D:5 :(   D:7 *   D:10 [[   Orc:1 (   Orc:2 ([((

Annotations:
D:6 1 runed translucent door
D:12 Josephine, Lodul
Lair:4 exclusion: 4 oklob plants
Spider:3 2 transporters, AceOff's ghost, adept FoFi


Innate Abilities, Weirdness & Mutations

You have razor-sharp teeth.
Your natural rate of healing is unusually fast.
When hurt, damage is shared between your health and your magic reserves.
Your bite disrupts and absorbs the magic of your enemies.
Potions cannot restore your health.


Message History

The helpless pharaoh ant fails to defend itself.
You hit the pharaoh ant. You burn the pharaoh ant.
You destroy the pharaoh ant!
Makhleb accepts your kill.
You feel better.
The pharaoh ant binds the souls of nearby monsters.
Your radroach is engulfed in poison gas.
Your radroach is poisoned.
The wolf spider is engulfed in poison gas.
The wolf spider looks even sicker.
The ghost moth hits you!!
You feel dopey. The ghost moth closely misses you. The ghost moth stings you!
You slice the ghost moth!! You freeze the ghost moth.
Your bite misses the ghost moth.
The ghost moth is almost dead.
Your radroach seems less drained.
The ghost moth hits you but does no damage. x2
You block the ghost moth's attack.
An entropy weaver comes into view.
The wolf spider is engulfed in poison gas.
The wolf spider looks even sicker.
Your radroach is engulfed in poison gas.
Your radroach looks even sicker.
You barely miss the ghost moth. You bite the ghost moth!
The ghost moth's magic leaks into the air.
You drain its magic.
You feel invigorated.
The ghost moth is almost dead.
You block the ghost moth's attack. The ghost moth hits you!
* * * LOW HITPOINT WARNING * * *
You feel dopey. The ghost moth closely misses you.
The entropy weaver is engulfed in poison gas.
The entropy weaver is poisoned.
As you read the scroll of fear, it crumbles to dust.
You assume a fearsome visage.
The ghost moth is unaffected.
The entropy weaver looks frightened!
The redback looks frightened!
The ghost moth hits you!!
* * * LOW HITPOINT WARNING * * *
The ghost moth barely misses you. The ghost moth stings you!!
You die...

##........†###.# #~.
#..~#^#.§§§○§#§#☼○..
#.###.###§☼§○§§☼°...
#..##^..##§○§§☼§§....
#^##.....##§§○☼......
#~....^.^.§§○○§..(...
####^....##§B☼.#.#~~.
#^ ##...##°§y###.###.
#..###.###§§@# s...#
##.~.#.#☼☼§§##.(4.!#
#~...☼☼§§°§☼††.^....
#~...○☼☼○§§s##.../.#
#....§§§○☼§§.# ...##
#...~○§~B☼§§.# .##
#~...~§○§○§☼.~.# #
##...§§°§☼§§.......
#~.................


You could see a ghost moth (berserk, invisible, magic disrupted), an entropy
weaver (fleeing, poisoned), a redback (soul bound, fleeing) and a friendly
radroach (very poisoned).

Vanquished Creatures
  Gastronok (Orc:1)
  2 ghost moths (Spider:3)
  An emperor scorpion (Spider:3)
  2 broodmothers
  An orc warlord (Orc:2)
  2 entropy weavers
  Fannar (Lair:2)
  4 hydras
  A merfolk avatar (Lair:5)
  3 radroaches
  Erica (D:9)
  3 boulder beetles
  4 death yaks (Gauntlet)
  2 two-headed ogres
  2 demonic crawlers
  An orc high priest (Orc:2)
  2 skysharks
  6 pharaoh ants
  A sea snake (Lair:5)
  9 wizards (D:10)
  Pikel (D:6)
  6 orb spiders
  2 harpies (Lair:5)
  An orc sorcerer (Orc:2)
  2 steelbarb worms
  2 orc knights (Orc:2)
  12 wolf spiders
  2 manticores
  A moth of wrath (Spider:4)
  17 elephants
  Joseph (D:7)
  5 black mambas
  An ice statue (Gauntlet)
  11 cane toads
  A gargoyle (D:10)
  3 torpor snails
  Maggie (D:7)
  3 rime drakes
  A komodo dragon (Lair:3)
  6 meliai
  A hornet (D:11)
  5 trolls
  2 polar bears (Lair:5)
  19 tarantellas
  A raiju (Gauntlet)
  8 blink frogs
  6 dream sheep (Lair:3)
  7 jumping spiders
  2 snapping turtles (Lair:5)
  11 culicivoras
  4 wyverns
  21 yaks
  3 basilisks
  30 redbacks
  4 steam dragons
  2 wargs (Orc:2)
  2 acid dragons
  9 water moccasins
  35 orc warriors
  A sky beast (D:6)
  2 ice beasts
  7 ogres
  5 wolves (Lair:1)
  2 centaurs
  A lemure (D:6)
  3 kobold brigands
  12 bullfrogs
  A gnoll sergeant (D:11)
  15 wights
  8 killer bees
  2 jellies
  A hound (D:6)
  23 orc priests
  Jessica (D:2)
  An iguana (D:6)
  2 sleepcaps (D:7)
  25 orc wizards
  8 gnolls
  3 adders (D:5)
  3 dart slugs
  93 orcs
  A bat (D:2)
  An endoplasm (D:2)
  A giant cockroach (D:2)
  5 hobgoblins
  6 jackals
  15 kobolds
  A quokka (D:2)
  3 frilled lizards
  3 rats
555 creatures vanquished.

Vanquished Creatures (collateral kills)
  A minotaur (Gauntlet)
  A radroach (Spider:4)
  A wolf spider (Spider:4)
  2 culicivoras (Spider:4)
  A redback (Spider:4)
  An orc priest (Orc:2)
7 creatures vanquished.

Vanquished Creatures (others)
  A redback (Spider:2)
  A wight (D:9)
  An orc wizard (D:9)
3 creatures vanquished.

Grand Total: 565 creatures vanquished

Notes
Turn   | Place    | Note
-------+----------+-------------------------------------------
     0 | D:1      | ipx the Vine Stalker Fighter began the quest for the Orb.
     0 | D:1      | Reached XP level 1. HP: 11/11 MP: 2/2
    14 | D:1      | Reached skill level 2 in Axes
    70 | D:2      | Found a faded altar of an unknown god.
    95 | D:1      | Reached XP level 2. HP: 15/16 MP: 1/3
   225 | D:2      | Noticed Jessica
   231 | D:2      | Killed Jessica
   232 | D:2      | Reached skill level 3 in Axes
   232 | D:2      | Reached XP level 3. HP: 19/19 MP: 2/4
   288 | D:2      | Identified the ring of Konu {Fly rF- rC+ Str+5 Slay-2}
   388 | D:2      | Found a shimmering blue altar of Sif Muna.
   452 | D:2      | Reached XP level 4. HP: 21/23 MP: 3/5
   466 | D:2      | Reached skill level 1 in Dodging
   758 | D:5      | Entered Level 5 of the Dungeon
   772 | D:5      | Found Oteharo's Weapon Boutique.
   775 | D:5      | Noticed a bullfrog
   783 | D:5      | Killed a bullfrog
   784 | D:5      | Reached XP level 5. HP: 27/27 MP: 4/6
   891 | D:4      | You fall into a shaft and drop 3 floors!
   949 | D:7      | Noticed Maggie
   963 | D:7      | Killed Maggie
   964 | D:7      | Reached XP level 6. HP: 23/32 MP: 3/7
   987 | D:7      | Noticed an orc warrior
   989 | D:7      | Noticed an orc warrior
  1030 | D:7      | Found Hextayp's Elemental Accessories.
  1074 | D:6      | Reached XP level 7. HP: 35/35 MP: 8/8
  1076 | D:6      | Found a runed translucent door.
  1134 | D:5      | Reached skill level 4 in Axes
  1186 | D:5      | Found Rouff's Book Shoppe.
  1250 | D:6      | Reached skill level 5 in Axes
  1296 | D:6      | Gained mutation: You have razor-sharp teeth. [Vine Stalker
                  | growth]
  1296 | D:6      | Reached XP level 8. HP: 34/40 MP: 5/9
  1305 | D:6      | Noticed Pikel
  1318 | D:6      | Killed Pikel
  1319 | D:6      | Reached skill level 7 in Axes
  1339 | D:6      | Identified the +7 spear of Qocil {pain, rPois MP+9}
  1354 | D:6      | Found a white marble altar of Elyvilon.
  1451 | D:7      | Noticed Joseph
  1462 | D:7      | Killed Joseph
  1463 | D:7      | Reached skill level 5 in Fighting
  1463 | D:7      | Reached skill level 8 in Axes
  1463 | D:7      | Reached XP level 9. HP: 47/47 MP: 10/10
  1626 | D:7      | Found a burning altar of Makhleb.
  1643 | D:7      | Became a worshipper of Makhleb the Destroyer
  1717 | D:8      | Reached skill level 9 in Axes
  1867 | D:8      | Reached skill level 1 in Evocations
  1957 | D:9      | Noticed a two-headed ogre
  1968 | D:9      | Killed a two-headed ogre
  1969 | D:9      | Reached skill level 10 in Axes
  1969 | D:9      | Reached XP level 10. HP: 51/51 MP: 11/11
  1983 | D:9      | Reached * piety under Makhleb
  2001 | D:9      | Noticed Erica
  2012 | D:9      | Killed Erica
  2013 | D:9      | Reached skill level 11 in Axes
  2028 | D:10     | Entered Level 10 of the Dungeon
  2034 | D:10     | Identified a scroll of acquirement
  2035 | D:10     | Acquired a manual of Evocations
  2167 | D:10     | Found Zielojun's Antique Armour Shop.
  2233 | D:11     | Noticed a purple ugly thing
  2272 | D:10     | Found a staircase to the Orcish Mines.
  2274 | D:10     | Found Ruf Ubb's Armour Shop.
  2314 | D:10     | Bought a +0 pair of gloves for 58 gold pieces
  2314 | D:10     | Noticed a gargoyle
  2325 | D:10     | Killed a gargoyle
  2335 | D:11     | Noticed a boulder beetle
  2349 | D:11     | Killed a boulder beetle
  2350 | D:11     | Reached skill level 12 in Axes
  2350 | D:11     | Reached skill level 5 in Evocations
  2382 | D:11     | Noticed a two-headed ogre
  2398 | D:11     | Killed a two-headed ogre
  2426 | D:11     | Reached XP level 11. HP: 43/55 MP: 10/12
  2538 | D:10     | Reached ** piety under Makhleb
  2555 | D:10     | Reached skill level 13 in Axes
  2603 | D:10     | Noticed a wizard
  2630 | D:11     | Noticed a manticore
  2637 | D:11     | Killed a manticore
  2638 | D:11     | Reached skill level 1 in Invocations
  2645 | D:10     | Killed a wizard
  2687 | D:10     | Noticed a wizard
  2693 | D:10     | Noticed a wizard
  2694 | D:10     | Killed a wizard
  2697 | D:10     | Killed a wizard
  2707 | D:10     | Noticed a wizard
  2709 | Abyss:2  | Cast into level 2 of the Abyss (a wizard)
  2746 | Abyss:4  | Noticed a rakshasa
  2748 | Abyss:4  | Noticed a lich
  2763 | D:10     | Escaped the Abyss
  2764 | D:10     | Killed a wizard
  2771 | D:10     | Noticed a wizard
  2777 | D:10     | Killed a wizard
  2783 | D:10     | Noticed a wizard
  2783 | D:10     | Found the +3 warlock's mirror {omnireflect}
  2785 | D:10     | Killed a wizard
  2869 | D:10     | Noticed a wizard
  2875 | D:10     | Killed a wizard
  2902 | D:10     | Noticed a wizard
  2902 | D:10     | Noticed a wizard
  2904 | D:10     | Killed a wizard
  2911 | D:10     | Killed a wizard
  2912 | D:10     | Reached skill level 14 in Axes
  2912 | D:10     | Reached XP level 12. HP: 58/60 MP: 15/15
  3082 | D:9      | Identified the +4 leather armour "Nezuq" {rPois Regen+
                  | Int+2 Dex-5}
  3218 | Orc:1    | Entered Level 1 of the Orcish Mines
  3241 | Orc:2    | Entered Level 2 of the Orcish Mines
  3253 | Orc:2    | Reached *** piety under Makhleb
  3448 | D:10     | Bought a twisted plate armour for 672 gold pieces
  3448 | D:10     | Identified the +7 plate armour of the Rose {rPois rF- Int+6
                  | Stlth+} (You bought it in a shop on level 10 of the
                  | Dungeon)
  3599 | D:12     | Noticed Lodul
  3604 | D:12     | Noticed Josephine
  3690 | D:8      | Found a staircase to the Lair.
  3696 | D:8      | Reached **** piety under Makhleb
  3706 | Lair:1   | Entered Level 1 of the Lair of Beasts
  3728 | Lair:2   | Noticed a seven-headed hydra
  3735 | Lair:1   | Reached skill level 5 in Invocations
  3755 | Lair:1   | Reached skill level 10 in Evocations
  4007 | Lair:2   | Noticed Fannar
  4029 | Lair:2   | Reached skill level 15 in Axes
  4031 | Lair:2   | Killed a four-headed hydra
  4045 | Lair:2   | Killed Fannar
  4050 | Lair:2   | Reached XP level 13. HP: 34/65 MP: 8/18
  4235 | Lair:2   | Found a hole to the Spider Nest.
  4329 | Lair:3   | Reached ***** piety under Makhleb
  4404 | Lair:3   | Found a staircase to the Shoals.
  4448 | Lair:4   | Found a viscous altar of Jiyva.
  4448 | Lair:4   | Found a staircase to the Slime Pits.
  4527 | Lair:4   | Found a gate leading to a gauntlet.
  4562 | Gauntlet | Entered a Gauntlet
  4562 | Gauntlet | Found a transporter.
  4578 | Gauntlet | Found a transporter.
  4593 | Gauntlet | Found a transporter.
  4598 | Gauntlet | Found a transporter.
  4611 | Gauntlet | Noticed a reaper
  4613 | Gauntlet | Found a transporter.
  4632 | Gauntlet | Found a transporter.
  4641 | Gauntlet | Found a transporter.
  4656 | Gauntlet | Found a transporter.
  4668 | Gauntlet | Found a transporter.
  4680 | Gauntlet | Found a transporter.
  4697 | Gauntlet | Found a transporter.
  4714 | Gauntlet | Found a transporter.
  4716 | Gauntlet | Found a transporter.
  4746 | Gauntlet | Found a transporter.
  4746 | Gauntlet | Found a transporter.
  4752 | Gauntlet | Found a transporter.
  4758 | Gauntlet | Found a transporter.
  4779 | Gauntlet | Found a transporter.
  4843 | Gauntlet | Reached skill level 16 in Axes
  4885 | Gauntlet | Noticed a minotaur
  4893 | Gauntlet | Killed a minotaur
  4906 | Lair:5   | Entered Level 5 of the Lair of Beasts
  5074 | Lair:5   | Identified the +0 pair of boots "Viofu" {Fly rPois rF-
                  | rN+++}
  5107 | Lair:5   | Reached XP level 14. HP: 73/73 MP: 19/21
  5166 | Lair:5   | Reached skill level 17 in Axes
  5569 | Orc:1    | Noticed Gastronok
  5586 | Orc:1    | Killed Gastronok
  5674 | Orc:2    | Found Vant's Weapon Shop.
  5678 | Orc:2    | Reached ****** piety under Makhleb
  5688 | Orc:2    | Bought 5 curare-tipped darts for 78 gold pieces
  5736 | Orc:2    | Found Nopou's Antique Weapon Boutique.
  5827 | Orc:2    | Found a staircase to the Elven Halls.
  6079 | Orc:2    | Noticed an orc warlord
  6099 | Orc:2    | Killed an orc warlord
  6109 | Orc:2    | Reached skill level 18 in Axes
  6110 | Orc:2    | Found Nuibuf's Antique Weapon Shop.
  6113 | Orc:2    | Found Leilefa's Antique Armour Boutique.
  6246 | Orc:1    | Found Zemuimok's Weapon Shop.
  6379 | D:7      | Bought a wand of flame (4) for 33 gold pieces
  6379 | D:7      | Bought a lightning rod (4/4) for 480 gold pieces
  6521 | Spider:1 | Entered Level 1 of the Spider Nest
  6679 | Spider:3 | Noticed an emperor scorpion
  6699 | Spider:3 | Killed an emperor scorpion
  6700 | Spider:3 | Reached skill level 5 in Armour
  6758 | Spider:3 | Noticed a ghost moth
  6767 | Spider:3 | Reached XP level 15. HP: 62/77 MP: 15/22
  6771 | Spider:3 | Killed a ghost moth
  6792 | Spider:3 | Identified the +1 pair of gloves "Nuitre" {rF++ Will-
                  | Dex+2}
  6926 | Spider:2 | Reached skill level 5 in Dodging
  6952 | Spider:2 | Reached skill level 5 in Shields
  7061 | Spider:3 | Found a transporter.
  7064 | Spider:3 | Noticed a ghost moth
  7065 | Spider:3 | Found a transporter.
  7065 | Spider:3 | Noticed AceOff's ghost (adept FoFi)
  7070 | Spider:3 | Noticed a ghost moth
  7166 | Spider:3 | Noticed a ghost moth
  7180 | Spider:3 | Killed a ghost moth
  7201 | Spider:4 | Entered Level 4 of the Spider Nest
  7521 | Spider:4 | Noticed a ghost moth
  7533 | Spider:4 | HP: 2/78 [ghost moth (16)]
  7533 | Spider:4 | Demolished by a ghost moth

Illustrated notes

Levels and vault maps discovered:
D:1:      dreamdust_arrival_sigmund_warning, layout_basic,
          minmay_misc_feat_tiny, nrook_campfire, minmay_quantized
D:2:      layout_rooms, basic_altar, nicolae_ecumenical_pavilion,
          interstate_on_off, hangedman_decor_peaks_small, uniq_jessica
D:3:      layout_basic, st_stairs_4, minmay_misc_feat_enclosed
D:4:      layout_gridville, minmay_manual_monstrance
D:5:      minmay_inner_zag, layout_loops_corners,
          minmay_temple_entry_gardened_gates, serial_shops,
          nicolae_shop_bloodbath_and_beyond, nicolae_shop_tiny_real_fake_doors,
          shop, nicolae_shop_behind_doors, ebering_dispersal_statue_hall
D:6:      layout_loops_ring, overflow_temple_1_default,
          ebering_ghost_reflecting_pool, minmay_starry_boxes, uniq_pikel
D:7:      layout_loops_ring, lemuel_crystal_altar, grunt_decor_one_mirror,
          nicolae_elemental_shop, minmay_misc_feat_iff, hellmonk_no_cap,
          uniq_maggie, uniq_joseph, uniq_crazy_yiuf_cottage
D:8:      layout_loops_ring, trog_wizard, lair_entry_dummy
D:9:      layout_loops_ring, st_stairs_3, minmay_lizard_king, uniq_erica
D:10:     minmay_smoke_and_mirrors, layout_basic, orc_david_3, serial_shops,
          nicolae_shop_overgrown_old_shop, nicolae_the_louvre
D:11:     layout_rooms, nicolae_hepliaklqana_hippocampus, uniq_erolcha
D:12:     layout_loops_corners, uniq_josephine, uniq_urug, uniq_lodul
Lair:1:   layout_hall_layers, st_stairs_13
Lair:2:   layout_misc_corridors, nicolae_spider_entry_lesser_pyramids,
          nicolae_lair_grazing_beasts [nicolae_sub_lair_graze_edge,
          nicolae_sub_lair_graze_edge, nicolae_sub_lair_graze_edge,
          nicolae_sub_lair_graze_edge], uniq_fannar
Lair:3:   layout_cave_pods, elwin_shoals_entry_rocks, beast_lair_carwin_3
Lair:4:   layout_cave_shapes, minmay_slime_entry_oklob_enclosed,
          gammafunk_ghost_hive, gauntlet_entry_generic,
          infiniplex_staircase_pool, grunt_megastairs_2, lemuel_fruit_tree
Lair:5:   gammafunk_lair_ancient_temple, layout_layer_cave, st_stairs_13
Spider:1: cheibrodos_spider_deadly_dance
Spider:2: layout_spider_delve, hellmonk_spider_spawner
Spider:3: layout_cave_pods, gammafunk_ghost_arena
Spider:4: hellmonk_spider_rune_endless_swarm
Orc:1:    layout_diamond_mine, serial_shops, nicolae_shop_rolling_square,
          roderic_batcave, nicolae_orc_lava_tube, uniq_gastronok, uniq_harold
Orc:2:    grunt_orc_community_town_hall, layout_caves,
          grunt_orc_community_big_house_1, grunt_orc_community_big_house_2,
          grunt_orc_community_house_2, grunt_orc_community_house_3,
          grunt_orc_community_house_3, grunt_orc_community_house_3

Skill      XL: |  1  2  3  4  5  6  7  8  9 10 11 12 13 14 15 |
---------------+----------------------------------------------+-----
Axes           | 2 3 5 8 10 12 14 15 16 18 | 18.0
Dodging        | 1 3 4 6 |  6.9
Armour         | 3 4 5 7 |  7.5
Fighting       | 3 5 6 8 |  8.8
Evocations     | 2 6 9 10 12 | 12.2
Invocations    | 3 6 8 |  8.0
Shields        | 4 6 |  6.1

Action                     |  1- 3 |  4- 6 |  7- 9 | 10-12 | 13-15 || total
---------------------------+-------+-------+-------+-------+-------++-------
  Melee: War axe           |    28 |       |       |       |       ||    28
         Bite              |    17 |    17 |    28 |   115 |   271 ||   448
         Dagger            |    45 |    40 |       |       |       ||    85
         Broad axe         |       |     4 |   134 |   361 |   785 ||  1284
  Throw: Dart              |       |     2 |     1 |    14 |    34 ||    51
 Invoke: Lesser Servant of |       |       |       |       |     4 ||     4
  Evoke: Wand              |       |     1 |     4 |    13 |    16 ||    34
         Lightning rod     |       |       |       |       |     2 ||     2
    Use: Scroll            |       |     9 |     2 |     6 |    11 ||    28
         Potion            |       |     2 |     1 |     2 |     4 ||     9
   Stab: Distracted        |       |       |     1 |       |     2 ||     3
         Confused          |       |       |       |       |     2 ||     2
         Paralysed         |       |       |       |       |     1 ||     1
 Armour: Scale mail        |    14 |       |       |       |       ||    14
         Chain mail        |    34 |    29 |    80 |   173 |   619 ||   935
         Skin              |     2 |       |     6 |       |       ||     8
         Plate armour      |       |       |       |   133 |       ||   133
  Dodge: Dodged            |    20 |    13 |    31 |   131 |   297 ||   492
  Block: Buckler           |    12 |     8 |    17 |   122 |   294 ||   453
         Reflection        |       |       |       |     3 |     9 ||    12

Table legend: (Time is in decaauts)
 A = Elapsed time spent in this place.
 B = Non-inter-level travel time spent in this place.
 C = Inter-level travel time spent in this place.
 D = Time resting spent in this place.
 E = Time spent auto-exploring this place.
 F = Levels seen in this place.
 G = Mean time per level.
                   A        B        C        D        E       F      G
               +--------+--------+--------+--------+--------+-----+--------+
         Total |   7454 |   6939 |    515 |     59 |      0 |  27 |  276.1 |
       Dungeon |   3823 |   3480 |    343 |      9 |      0 |  12 |  318.6 |
          Lair |   1446 |   1378 |     68 |     43 |      0 |   5 |  289.2 |
   Spider Nest |    929 |    907 |     22 |      7 |      0 |   4 |  232.2 |
  Orcish Mines |    862 |    781 |     81 |      0 |      0 |   2 |  431.0 |
         Abyss |     53 |     53 |      0 |      0 |      0 |   3 |   17.7 |
      Gauntlet |    337 |    337 |      0 |      0 |      0 |   1 |  337.0 |
               +--------+--------+--------+--------+--------+-----+--------+

Top non-repeatable levels by time:
    D:10: 876 daAuts
   Orc:2: 641 daAuts
     D:7: 614 daAuts
     D:9: 501 daAuts
  Lair:2: 428 daAuts
     D:8: 358 daAuts
     D:2: 357 daAuts
Gauntlet: 337 daAuts
  Lair:5: 324 daAuts
  Lair:4: 295 daAuts
Spider:3: 294 daAuts
Spider:4: 292 daAuts
     D:5: 245 daAuts
  Lair:1: 234 daAuts
    D:11: 227 daAuts
